 Dungeon Crawl Stone Soup version 0.30-a0-297-g0ec75d9ef4 (webtiles) character file.

Game seed: 14088723011884125322

25 lunkers the Cutter (level 3, -2/31 HPs)
             Began as a Meteoran Fighter on Oct 18, 2022.
             Slain by Ijyb
             ... wielding a +5 club
              (4 damage)
             ... on level 3 of the Dungeon.
             The game lasted 00:01:04 (524 turns).

lunkers the Cutter (Meteoran Fighter)                Turns: 524, Time: 00:01:04

Health: -2/31      AC:  6    Str: 17    XL:     3   Next: 35%
Magic:  4/4        EV:  9    Int: 10    God:
Gold:   33         SH:  5    Dex: 15    Spells: 2/2 levels left

rFire   . . .      SeeInvis .    a - +0 rapier
rCold   . . .      Faith    .    c - +0 buckler
rNeg    . . .      Spirit   .    b - +0 scale mail
rPois   .          Reflect  .    (no helmet)
rElec   .          Harm     .    (no cloak)
rCorr   .          Rampage  .    (no gloves)
Will    .....                    (no boots)
Stlth   ..........               (no amulet)
HPRegen 0.25/turn                (no ring)
MPRegen 0.09/turn                (no ring)

@: mighty, glowing
A: sense surroundings 1, otherworldly, glowing, explore regen
a: no special abilities


You were on level 3 of the Dungeon.
You visited 1 branch of the dungeon, and saw 3 of its levels.

You collected 33 gold pieces.

Inventory:

Hand Weapons
 a - a +0 rapier (weapon)
Armour
 b - a +0 scale mail (worn)
 c - a +0 buckler (worn)
Scrolls
 g - 2 scrolls of poison {unknown}
 h - a scroll of fear {unknown}
Potions
 e - a potion of lignification {unknown}
 f - a potion of heal wounds {unknown}
 i - a potion of degeneration {unknown}


   Skills:
 - Level 3.2 Fighting
 + Level 3.8 Short Blades
 - Level 3.6 Armour
 - Level 3.6 Shields


You had 2 spell levels left.
You didn't know any spells.
Your spell library contained the following spells:

 Spells                   Type           Power      Damage    Failure   Level
 Cigotuvi's Dreadful Rot  Necr/Pois/Air  0%         N/A       94%         2
 Poisonous Vapours        Pois/Air       0%         N/A       94%         2
 Mephitic Cloud           Conj/Pois/Air  0%         N/A       99%         3


Dungeon Overview and Level Annotations

Branches:
Dungeon (3/15) Zot: 1270

Altars:

Shops:
D:2 *

Annotations:
D:3 Ijyb


Innate Abilities, Weirdness & Mutations

You passively map a small area around you.
You are easily found by Zot.
You glow in the dark.
You regain HP and MP as you explore.


Message History

The ball python bites you. The ball python constricts you.
Ijyb screams, "Die!"
You feel very mighty all of a sudden.
The ball python bites you but does no damage.
The ball python constricts you. You block the ball python's attack.
The ball python constricts you.
You puncture the ball python!
You kill the ball python!
Ijyb zaps a wand.
The roots erupt in riotous growth!
The grasping roots grab you! The grasping roots constrict you.
You hear an angry hiss.
You escape the roots grasp.
Ijyb zaps a wand.
The roots erupt in riotous growth!
The grasping roots grab you!
Ijyb is unaffected.
The grasping roots constrict you.
* * * LOW HITPOINT WARNING * * *
You see here a ball python corpse.
You puncture Ijyb!
Ijyb is moderately wounded.
Ijyb hits you but does no damage. The grasping roots constrict you!
* * * LOW HITPOINT WARNING * * *
The grasping roots release their grip on you.
You hit Ijyb.
Ijyb is heavily wounded.
Ijyb hits you with a +5 club!
* * * LOW HITPOINT WARNING * * *
You hit Ijyb but do no damage.
Ijyb is heavily wounded.
Ijyb drinks a potion.
Ijyb is healed!
You barely miss Ijyb.
Ijyb is lightly wounded.
An adder comes into view.
Ijyb hits you with a +5 club.
* * * LOW HITPOINT WARNING * * *
The adder moves out of view.
You puncture Ijyb!
Ijyb is heavily wounded.
Ijyb hits you with a +5 club.
You die...

* * *#### , ..#
* * * #.# * #<#
* , * #.# ,
*#@# * , ,
#......g.....#
...#.#.#.....#
, ,
#............#
,
#..#.#.#....>#
* * +
#............#
, ,
#..#.#.#.......
+ , ,
....?....#+#...
* ,


You could see Ijyb.

Vanquished Creatures
  An adder (D:2)
  A worm (D:2)
  A dart slug (D:2)
  5 ball pythons
  2 endoplasms (D:1)
  A giant cockroach (D:1)
  A kobold (D:1)
12 creatures vanquished.

Notes
Turn   | Place    | Note
-------+----------+-------------------------------------------
     0 | D:1      | lunkers the Meteoran Fighter began the quest for the Orb.
     0 | D:1      | Reached XP level 1. HP: 19/19 MP: 2/2
   174 | D:1      | Reached XP level 2. HP: 22/26 MP: 3/3
   344 | D:2      | Found Pianiduph's General Store.
   382 | D:2      | Reached XP level 3. HP: 25/31 MP: 4/4
   509 | D:3      | Noticed Ijyb
   524 | D:3      | Slain by Ijyb

Illustrated notes

Levels and vault maps discovered:
D:1:      dpeg_arrival_simpleton_b, layout_basic,
          shapermc_ecumenical_altar_rom_forum
D:2:      layout_loops_corners, serial_shops, nicolae_square_shop,
          chequers_hall_statues_wall_a, uniq_jessica, uniq_crazy_yiuf_cottage
D:3:      layout_basic, serial_glass, glass_columns_a, glass_columns_b,
          glass_columns_a, glass_columns_b, glass_columns_b, glass_columns_a,
          glass_columns_a, glass_columns_a, glass_columns_b, glass_columns_b,
          glass_columns_c, glass_columns_a, glass_columns_a, glass_columns_b,
          item_on_display_a, feat_on_display, gammafunk_ghost_smash,
          dk_vineyard_3, minmay_box_of_dots, uniq_ijyb

Skill      XL: |  1  2 |
---------------+-------+-----
Short Blades   | 3 |  3.8
Fighting       | |  3.2
Armour         | |  3.6
Shields        | |  3.6

Action                   || total
-------------------------++-------
Melee: Rapier            ||    57
  Use: Potion            ||     1
Armor: Scale mail        ||    24
Dodge: Dodged            ||    15
Block: Buckler           ||    11

Table legend: (Time is in decaauts)
 A = Elapsed time spent in this place.
 B = Non-inter-level travel time spent in this place.
 C = Inter-level travel time spent in this place.
 D = Time resting spent in this place.
 E = Time spent auto-exploring this place.
 F = Levels seen in this place.
 G = Mean time per level.
                   A        B        C        D        E       F      G
               +--------+--------+--------+--------+--------+-----+--------+
         Total |    528 |    433 |     95 |      0 |    309 |   3 |  176.0 |
       Dungeon |    528 |    433 |     95 |      0 |    309 |   3 |  176.0 |
               +--------+--------+--------+--------+--------+-----+--------+

Top non-repeatable levels by time:
     D:1: 292 daAuts
     D:2: 218 daAuts
     D:3: 17 daAuts
